 Dungeon Crawl Stone Soup version 0.18.1-1-g2f07953 (webtiles) character file.

44 Danakh the Cudgeler (level 3, -2/35 HPs)
             Began as a Troll Warper on May 13, 2016.
             Slain by a goblin
             ... wielding a +0 dagger
             ... led by Robin
              (7 damage)
             ... on level 2 of the Dungeon.
             The game lasted 00:04:08 (935 turns).

Danakh the Cudgeler (Troll Warper)                   Turns: 935, Time: 00:04:10

Health: -2/35      AC:  5    Str: 19    XL:     3   Next: 39%
Magic:  3/3        EV: 10    Int: 10    God:
Gold:   21         SH:  0    Dex:  9    Spells: 2 memorised, 1 level left

rFire  . . .     SeeInvis .     a - +0 mace
rCold  . . .     Gourm    +     b - +0 robe
rNeg   . . .     Faith    .     (no shield)
rPois  .         Spirit   .     (helmet restricted)
rElec  .         Dismiss  .     (no cloak)
rCorr  .         Reflect  .     (gloves unavailable)
SustAt .         Harm     .     (boots unavailable)
MR     .....                    (no amulet)
Stlth  +.........               (no ring)
                                (no ring)

@: confused, not resistant to hostile enchantments, very unstealthy
A: unfitting armour, claws 3, fast metabolism 3, gourmand, regeneration 2,
shaggy fur 1, tough skin 2
a: no special abilities


You were on level 2 of the Dungeon.
You were not hungry.

You visited 1 branch of the dungeon, and saw 2 of its levels.

You collected 21 gold pieces.

Inventory:

Hand Weapons
 a - a +0 mace (weapon)
Missiles
 e - 5 tomahawks of dispersal (quivered)
Armour
 b - a +0 robe (worn)
Scrolls
 d - 2 scrolls of blinking
 i - a scroll of noise {unknown}
 j - 2 scrolls of identify {unknown}
Potions
 h - a potion of curing {unknown}
Books
 c - a book of Spatial Translocations

   Spells                             Type                      Level
   a - Apportation                    Translocation                1
   b - Blink                          Translocation                2
   c - Shroud of Golubria             Charms/Translocation         2
   d - Portal Projectile              Translocation                3
   e - Teleport Other                 Translocation                3
   f - Passage of Golubria            Translocation                4
Comestibles
 f - 2 bread rations


   Skills:
 + Level 2.1 Fighting
 * Level 2.5 Maces & Flails
 - Level 0.8 Throwing
 + Level 2.3 Dodging
 - Level 1.2 Spellcasting
 - Level 2.1 Translocations


You had one spell level left.
You knew the following spells:

 Your Spells              Type           Power        Failure   Level  Hunger
a - Apportation           Tloc           #.........   14%         1    ##.....
b - Blink                 Tloc           N/A          21%         2    ###....


Dungeon Overview and Level Annotations

Branches:
Dungeon (2/15)

Altars:

Annotations:
D:2 Robin


Innate Abilities, Weirdness & Mutations

You are too large for most types of armour.
You have claws for hands.
Your metabolism is lightning-fast.
You like to eat raw meat.
You heal very quickly.
You are covered in fur (AC +1).
You have very tough skin (AC +2).


Message History

Robin throws the goblin at you! The goblin barely misses you.
The hobgoblin hits you.
* * * LOW HITPOINT WARNING * * *
The goblin closely misses you.
Unknown command.
Drink which item? (? for menu, Esc to quit)
It was a potion of ambrosia.
You are confused.
You feel invigorated. The hobgoblin hits you with a club.
* * * LOW HITPOINT WARNING * * *
The hobgoblin hits you but does no damage.
The goblin hits you but does no damage.
You hit the hobgoblin.
You kill the hobgoblin!
The goblin closely misses you. The hobgoblin hits you with a club.
* * * LOW HITPOINT WARNING * * *
Robin roars a battlecry!
The goblins go into a battle-frenzy!
The goblin hits you with a dagger!
You die...

#.##########.##########
#.#...................#
.######.#.########.########.#
...............###.# #.###
######.#)####..##.# #.(.#
#.#.# ##.##.# ♣♣♣#.# #.#.#
#..#.#####♣♣.♣♣.# #.#.#
###g#.....♣♣P.P..# #.#.#
#g@.#####.♣PPP..♣# #.#.#
#..g# #....♣P.♣♣♣ .######.#.#
#.g.# #.#♣♣♣.P♣P♣ .......<..#
###.# #...♣PP...P
################.###
####♣♣♣.P.P
..........####.#.♣♣♣PP♣
......(...)g))....♣♣♣♣♣
########..####.#.## #... ..


You could see Robin, a hobgoblin and 2 goblins.

Vanquished Creatures
  An ooze (D:1)
  A dart slug (D:1)
  2 giant cockroaches (D:1)
  13 goblins
  3 hobgoblins
  2 jackals (D:1)
  3 bats (D:1)
  A giant newt (D:1)
  2 kobolds (D:1)
  4 rats
32 creatures vanquished.

Notes
Turn   | Place    | Note
--------------------------------------------------------------
     0 | D:1      | Danakh the Troll Warper began the quest for the Orb.
     0 | D:1      | Reached XP level 1. HP: 19/19 MP: 1/1
   298 | D:1      | Reached XP level 2. HP: 27/28 MP: 2/2
   571 | D:1      | Reached XP level 3. HP: 33/35 MP: 3/3
   752 | D:1      | Learned a level 2 spell: Blink
   901 | D:2      | Noticed Robin
   933 | D:2      | HP: 1/35 [hobgoblin[Robin] (2)]
   935 | D:2      | Slain by a goblin

Skill      XL: |  1  2 |
---------------+-------+-----
Dodging        | 2 |  2.3
Maces & Flails | 2 |  2.5
Fighting       | 2 |  2.1
Throwing       | |  0.8
Spellcasting   | |  1.2
Translocations | |  2.1

Action                   || total
-------------------------++-------
Melee: Mace              ||    85
  Use: Potion            ||     1
  Eat: Chunk             ||     2
       Bread ration      ||     1
Armor: Robe              ||    40
Dodge: Dodged            ||    71
